 Dungeon Crawl Stone Soup version 0.27.1-4-g1640c2035a (webtiles) character file.

Game seed: 10308877732530139893

13 zeram the Sneak (level 2, 0/14 HPs)
             Began as a Spriggan Brigand on Nov 10, 2021.
             Frozen to death by an endoplasm (5 damage)
             ... on level 1 of the Dungeon.
             The game lasted 00:00:48 (464 turns).

zeram the Sneak (Spriggan Brigand)                   Turns: 464, Time: 00:00:49

Health: 0/14       AC:  7    Str:  7    XL:     2   Next: 24%
Magic:  3/3        EV: 16    Int: 12    God:
Gold:   7          SH:  0    Dex: 16    Spells: 1/1 levels left

rFire    . . .     SeeInvis +   a - +2 dagger
rCold    . . .     Faith    .   (shield restricted)
rNeg     . . .     Spirit   .   b - +0 robe
rPois    .         Reflect  .   (helmet restricted)
rElec    .         Harm     .   c - +0 cloak
rCorr    .         Rampage  .   (gloves unavailable)
Will     .....                  (boots unavailable)
Stlth    +++.......             (no amulet)
HPRegen  0.04/turn              g - +4 ring of protection
MPRegen  0.08/turn              (no ring)

@: very quick
A: very small, no large weapons, unfitting armour, see invisible, speed 3
a: no special abilities


You were on level 1 of the Dungeon.
You visited 1 branch of the dungeon, and saw 1 of its levels.

You collected 7 gold pieces.

Inventory:

Hand Weapons
 a - a +2 dagger (weapon)
Missiles
 d - 8 poisoned darts (quivered)
 e - 2 curare-tipped darts
Armour
 b - a +0 robe (worn)
 c - a +0 cloak (worn)
Jewellery
 g - a +4 ring of protection (left hand)
Scrolls
 f - a scroll of teleportation {unknown}
Potions
 h - a potion of heal wounds {unknown}


   Skills:
 - Level 1.5 Fighting
 + Level 2.3 Short Blades
 - Level 2.0 Throwing
 + Level 1.4 Dodging
 + Level 6.7 Stealth


You had one spell level left.
You didn't know any spells.
Your spell library was empty.

Dungeon Overview and Level Annotations

Branches:
Dungeon (1/15)

Altars:


Innate Abilities, Weirdness & Mutations

You are very small and have problems with some larger weapons.
You are too small for most types of armour.
You have supernaturally acute eyesight. (SInv)
You cover ground extremely quickly. (Speed+++)


Message History

You hit the giant cockroach.
The giant cockroach is severely wounded.
The giant cockroach bites you.
You completely miss the giant cockroach.
The giant cockroach is severely wounded.
The giant cockroach misses you.
You closely miss the giant cockroach.
The giant cockroach is severely wounded.
The giant cockroach misses you.
You hit the giant cockroach.
You kill the giant cockroach!
No target in view!
No target in view!
No target in view!
No target in view!
A bat comes into view.
A bat is nearby!
An endoplasm comes into view.
Found 17 gold pieces.
The endoplasm quivers.
Found 7 gold pieces.
You hit the endoplasm.
The endoplasm is lightly wounded.
The bat hits you but does no damage. The endoplasm freezes you.
You are frozen.
You hit the endoplasm.
The endoplasm is heavily wounded.
The bat misses you. The endoplasm freezes you.
You are frozen.
You are too injured to fight recklessly!
You are too injured to fight recklessly!
You are too injured to fight recklessly!
You are too injured to fight recklessly!
You are too injured to fight recklessly!
You closely miss the bat. The bat completely misses you.
The endoplasm freezes you.
You are frozen.
You die...

# # ....$# ....#
....# ..$#
######+#+#..#
#........#..#
#......[.#.J#
#........#.@#
#........#b.#
#........#..#
#...†....#..#
######'#.#..#######
#.#.#.........
#.#.##.#######
#####.#....#
#.)...#######.


You could see an endoplasm and a bat.

Vanquished Creatures
  A dart slug (D:1)
  2 ball pythons (D:1)
  2 giant cockroaches (D:1)
  2 kobolds (D:1)
  3 bats (D:1)
  A rat (D:1)
11 creatures vanquished.

Notes
Turn   | Place    | Note
-------+----------+-------------------------------------------
     0 | D:1      | zeram the Spriggan Brigand began the quest for the Orb.
     0 | D:1      | Reached XP level 1. HP: 10/10 MP: 2/2
    18 | D:1      | Reached skill level 6 in Stealth
   102 | D:1      | Reached XP level 2. HP: 14/14 MP: 3/3
   243 | D:1      | Found a faded altar of an unknown god.
   464 | D:1      | Frozen to death by an endoplasm

Illustrated notes

Levels and vault maps discovered:
D:1:      eino_arrival_druids_welcome, layout_basic,
          chequers_ecumenical_altar_island, minivault_14, chequers_arboretum,
          minivault_25

Skill      XL: |  1 |
---------------+----+-----
Stealth        | 6 |  6.7
Fighting       | |  1.5
Short Blades   | |  2.3
Throwing       | |  2.0
Dodging        | |  1.4

Action                   || total
-------------------------++-------
Melee: Dagger            ||    43
 Stab: Sleeping          ||     4
Armor: Robe              ||    15
Dodge: Dodged            ||    35
